 Dungeon Crawl Stone Soup version 0.20.1-1-g8b1a95d (webtiles) character file.

3073 Monsterracer the Basher (level 10, -14/80 HPs)
             Began as a Human Artificer on Aug 24, 2017.
             Was a Believer of Ashenzari.
             Demolished by a death yak (22 damage)
             ... on level 7 of the Dungeon.
             The game lasted 00:19:04 (8140 turns).

Monsterracer the Basher (Human Artificer)           Turns: 8140, Time: 00:19:05

Health: -14/80     AC: 15    Str: 18    XL:     10   Next: 12%
Magic:  12/12      EV:  9    Int: 12    God:    Ashenzari [**....]
Gold:   395        SH:  0    Dex: 15    Spells: 9/9 levels left

rFire    . . .     SeeInvis .   z - +2 whip (elec) (curse)
rCold    . . .     Gourm    .   (no shield)
rNeg     . . .     Faith    .   v - +0 chain mail (curse)
rPois    .         Spirit   .   g - +1 helmet (curse)
rElec    .         Reflect  .   s - +1 cloak (curse)
rCorr    .         Harm     .   (no gloves)
MR       .....                  (no boots)
Stlth    ..........             (no amulet)
Regen    0.3/turn               y - +2 ring of dexterity (curse)
MPRegen  0.2/turn               (no ring)

@: very slightly contaminated, hasted, invisible, very quick
A: strong 1
a: Curse Item, Scrying, Renounce Religion


You were on level 7 of the Dungeon.
You worshipped Ashenzari.
Ashenzari was pleased with you.
You were not hungry.

You visited 2 branches of the dungeon, and saw 9 of its levels.

You collected 395 gold pieces.

Inventory:

Hand Weapons
 z - a cursed +2 whip of electrocution (weapon)
Armour
 g - a cursed +1 helmet (worn)
 s - a cursed +1 cloak (worn)
 v - a cursed +0 chain mail (worn)
 B - the +3 scale mail of Moral Flaws {MP+9 Dex+3}
   (You found it on level 8 of the Dungeon)

   It affects your dexterity (+3).
   It affects your magic capacity (+9).
Jewellery
 y - a cursed +2 ring of dexterity (left hand)
Wands
 c - a wand of flame (24/48)
 d - a wand of enslavement (6/24)
 e - a wand of random effects (13/48)
 m - a wand of flame (16/48)
 u - a wand of random effects (15/48)
Scrolls
 a - 2 scrolls of magic mapping
 h - 2 scrolls of remove curse
 i - a scroll of recharging
 r - a scroll of blinking
 C - a scroll of amnesia
Potions
 k - 4 potions of heal wounds
 n - a potion of flight
 p - a potion of magic
 q - a potion of brilliance
 t - 2 potions of curing
 w - a potion of ambrosia
Comestibles
 b - a meat ration
 f - 3 bread rations
 j - 5 fruits
 l - a royal jelly
 A - 2 chunks of flesh


   Skills:
 * Level 8.2 Fighting
   Level 1.0 Short Blades
 * Level 8.6(10.9) Maces & Flails
 + Level 5.2(7.5) Armour
 - Level 2.6 Dodging
 - Level 1.0 Stealth
 - Level 3.8 Evocations


You had 9 spell levels left.
You didn't know any spells.

Dungeon Overview and Level Annotations

Branches:
Dungeon (8/15)             Temple (1/1) D:4            Lair (0/6) D:8

Altars:
Ashenzari
Cheibriados
Dithmenos
Elyvilon
Fedhas
Gozag
Kikubaaqudgha
Makhleb
Okawaru
Qazlal
Ru
Sif Muna
Trog
Vehumet
Yredelemnul
The Shining One

Shops:
D:7 *}


Innate Abilities, Weirdness & Mutations

Your muscles are strong. (Str +2)


Message History

* * * LOW HITPOINT WARNING * * *
Damage: -7%(-6hp) hp: 43%(34hp) Unknown command.
You hit the death yak but do no damage. You completely miss the death yak.
The death yak gores you but does no damage.
You hit the death yak.
The death yak is lightly wounded.
The death yak gores you!
* * * LOW HITPOINT WARNING * * *
Huge Dmg: -20%(-16hp) hp: 23%(18hp)
The death yak barely misses you.
The death yak gores you but does no damage.
The death yak gores you but does no damage.
The death yak closely misses you.
The death yak gores you but does no damage.
You feel yourself speed up. The death yak gores you!
* * * LOW HITPOINT WARNING * * *
The death yak gores you!!
You die...

#.......######.######.#####
#.............>............
#........###########...###.
#.........# ######.......
#.........#####...###......
#######........<......####.
#......##...##...# #.
#....Y.##...##.#.###.
#...@..##...##.......
#......##...####..###
#......##)))# ##.#
########....##)).#####.#
#...........#..(.......#
#...........#..........##
#...........#...........#
#...........####...####.#
#...........##.....####.##


You could see a death yak.

Vanquished Creatures
  The ghost of ThereIsNoGod the Frost Mage, a novice DrIE (D:7)
  The ghost of Monsterracer the Archer, a novice BaAM (D:6)
  A wyvern (D:8)
  A hungry ghost (D:7)
  A water moccasin (D:6)
  An orc warrior (D:6)
  An ice beast (D:7)
  2 sky beasts
  A phantom (D:3)
  4 ogres
  A centaur (D:6)
  2 scorpions
  A howler monkey (D:6)
  2 jellies
  A bullfrog skeleton (D:7)
  2 orc priests
  4 hounds
  7 orc wizards
  An iguana (D:8)
  7 worker ants
  A hound skeleton (D:5)
  A worker ant zombie (D:7)
  3 gnolls
  A howler monkey skeleton (D:6)
  2 adders
  An ooze (D:7)
  An adder zombie (D:7)
  2 adder skeletons
  3 worms
  2 dart slugs
  3 leopard geckos
  18 orcs
  2 bat zombies (D:4)
  6 giant cockroaches
  7 goblins
  5 hobgoblins
  8 kobolds
  3 quokkas
  A ball python (D:2)
  9 bats
  7 frilled lizards
  A jackal skeleton (D:4)
  6 rats
135 creatures vanquished.

Vanquished Creatures (collateral kills)
  4 orcs (D:4)
  A hobgoblin (D:2)
5 creatures vanquished.

Vanquished Creatures (others)
  An orc warrior (D:6)
  An ice beast (D:6)
  An orc (D:4)
3 creatures vanquished.

Grand Total: 143 creatures vanquished

Notes
Turn   | Place    | Note
-------+----------+-------------------------------------------
     0 | D:1      | Monsterracer the Human Artificer began the quest for the Orb.
     0 | D:1      | Reached XP level 1. HP: 15/15 MP: 3/3
    82 | D:1      | Reached XP level 2. HP: 18/21 MP: 4/4
   657 | D:1      | Reached XP level 3. HP: 25/26 MP: 5/5
  1032 | D:2      | HP: 12/27 [kobold (2)]
  1037 | D:2      | HP: 10/27 [poisoned by an adder]
  1044 | D:2      | HP: 9/27 [poisoned by an adder]
  1052 | D:1      | HP: 8/27 [poisoned by an adder]
  1323 | D:2      | HP: 11/27 [gnoll (4)]
  1332 | D:2      | HP: 5/27 [gnoll (7)]
  1589 | D:1      | Reached XP level 4. HP: 29/34 MP: 6/6
  1762 | D:2      | HP: 14/34 [worm (7)]
  1767 | D:2      | HP: 5/34 [worm (9)]
  1854 | D:2      | HP: 11/34 [worm (4)]
  1886 | D:1      | HP: 11/34 [giant cockroach (1)]
  2116 | D:2      | HP: 14/34 [worm (6)]
  2123 | D:2      | HP: 9/34 [worm (2)]
  2171 | D:2      | HP: 6/34 [worm (8)]
  2432 | D:2      | HP: 11/34 [worm (10)]
  2433 | D:2      | HP: 2/34 [worm (9)]
  3215 | D:3      | Reached XP level 5. HP: 41/41 MP: 7/7
  3598 | D:3      | Reached skill level 1 in Maces & Flails
  3796 | D:3      | Noticed a phantom
  3841 | D:3      | Killed a phantom
  3841 | D:3      | Reached XP level 6. HP: 32/47 MP: 8/8
  4147 | D:4      | Found a radiant altar of Vehumet.
  4303 | D:4      | Found an ancient bone altar of Kikubaaqudgha.
  4343 | D:4      | HP: 17/47 [orc wizard/magic dart (9)]
  4345 | D:4      | Reached skill level 1 in Armour
  4345 | D:4      | Reached XP level 7. HP: 19/52 MP: 9/9
  4365 | D:4      | HP: 11/52 [orc/trident (6)]
  4814 | D:4      | Found a staircase to the Ecumenical Temple.
  4823 | Temple   | Entered the Ecumenical Temple
  5057 | Temple   | Became a worshipper of Ashenzari the Shackled
  5255 | D:5      | Entered Level 5 of the Dungeon
  5350 | D:5      | Found a snail-covered altar of Cheibriados.
  5407 | D:5      | Reached skill level 5 in Maces & Flails
  5675 | D:5      | Reached XP level 8. HP: 39/61 MP: 10/10
  5942 | D:6      | Reached skill level 5 in Fighting
  5946 | D:6      | Gained mutation: Your muscles are strong. (Str +2) [mutagenic meat]
  5957 | D:6      | Reached * piety under Ashenzari
  6069 | D:6      | Noticed Monsterracer's ghost (novice BaAM)
  6302 | D:6      | HP: 29/63 [Monsterracer's ghost (8)]
  6308 | D:6      | HP: 6/63 [Monsterracer's ghost (20)]
  6316 | D:6      | Killed Monsterracer's ghost
  6316 | D:6      | Reached XP level 9. HP: 7/69 MP: 11/11
  7182 | D:7      | Found Ryesedgh's Gadget Shop.
  7309 | D:7      | Reached ** piety under Ashenzari
  7347 | D:7      | Found Qewkiebb's General Store.
  7637 | D:7      | Noticed ThereIsNoGod's ghost (novice DrIE)
  7661 | D:7      | HP: 36/72 [ThereIsNoGod's ghost (2)]
  7662 | D:7      | Killed ThereIsNoGod's ghost
  7662 | D:7      | Reached skill level 5 in Armour
  7662 | D:7      | Reached XP level 10. HP: 40/80 MP: 12/12
  7666 | D:7      | HP: 37/80 [poisoned by ThereIsNoGod's ghost]
  7672 | D:7      | HP: 34/80 [poisoned by ThereIsNoGod's ghost]
  7678 | D:7      | HP: 33/80 [poisoned by ThereIsNoGod's ghost]
  7686 | D:7      | HP: 32/80 [poisoned by ThereIsNoGod's ghost]
  7694 | D:7      | HP: 32/80 [poisoned by ThereIsNoGod's ghost]
  8001 | D:8      | Identified the +3 scale mail of Moral Flaws {MP+9 Dex+3}
  8099 | D:8      | Noticed a death yak
  8100 | D:8      | Noticed a death yak
  8120 | D:8      | HP: 38/80 [death yak (19)]
  8126 | D:7      | HP: 34/80 [death yak (6)]
  8140 | D:7      | HP: 8/80 [death yak (13)]
  8140 | D:7      | Demolished by a death yak

Skill      XL: |  1  2  3  4  5  6  7  8  9 10 |
---------------+-------------------------------+-----
Fighting       | 2 3 4 6 7 8 |  8.2
Maces & Flails | 3 4 5 6 8 |  8.6
Armour         | 1 2 3 5 |  5.2
Short Blades   | |  1.0
Dodging        | |  2.6
Stealth        | |  1.0
Evocations     | |  3.8

Action                   |  1- 3 |  4- 6 |  7- 9 | 10-12 || total
-------------------------+-------+-------+-------+-------++-------
Melee: Short sword       |   106 |   134 |       |       ||   240
       Whip              |       |    79 |   277 |    42 ||   398
Invok: Curse Item        |       |       |     5 |       ||     5
Evoke: Wand              |     3 |     6 |    16 |     2 ||    27
  Use: Scroll            |       |    13 |     5 |       ||    18
       Potion            |       |       |       |     2 ||     2
 Stab: Sleeping          |     3 |       |       |       ||     3
       Invisible         |       |       |     2 |       ||     2
  Eat: Chunk             |     2 |     4 |    11 |     2 ||    19
       Fruit             |       |     2 |       |       ||     2
       Bread ration      |       |     1 |       |       ||     1
Armor: Leather armour    |    47 |       |       |       ||    47
       Ring mail         |     7 |    33 |       |       ||    40
       Scale mail        |       |    41 |     5 |       ||    46
       Chain mail        |       |       |   139 |    28 ||   167
Dodge: Dodged            |    77 |    89 |    90 |     8 ||   264
